 Dungeon Crawl Stone Soup version 0.31-a0-217-g58bb5d79cf (webtiles) character file.

Game seed: 14832128724664411418

67 qw the Chopper (level 4, -3/28 HPs)
             Began as a Gargoyle Fighter on July 2, 2023.
             Slain by Grinder (6 damage)
             ... on level 4 of the Dungeon.
             The game lasted 00:01:06 (2399 turns).

qw the Chopper (Gargoyle Fighter)                   Turns: 2399, Time: 00:01:06

Health: -3/28      AC: 15    Str: 22    XL:     4   Next: 18%
Magic:  4/4        EV:  6    Int:  8    God:
Gold:   204        SH:  4    Dex:  9    Spells: 3/3 levels left

rFire   . . .        Y - +0 war axe
rCold   . . .        c - +0 buckler
rNeg    + . .        i - +0 plate armour
rPois   inf          (no helmet)
rElec   +            (no cloak)
rCorr   .            (no gloves)
SInv    .            (no boots)
Will    .....        (no amulet) Stlth
                     (no ring)
HPRegen 0.24/turn    (no ring)
MPRegen 0.09/turn

%: no passive effects
@: no status effects
A: sickness immunity, AC +3, negative energy resistance 1, electricity
resistance, torment resistance 1, petrification resistance
a: no special abilities


You were on level 4 of the Dungeon.
You visited 1 branch of the dungeon, and saw 4 of its levels.

You collected 204 gold pieces.


Innate Abilities, Weirdness & Mutations

You are immune to sickness and miasma.
Your stone body is resilient. (AC +3)
You are immune to poison.
You resist negative energy. (rN+)
You are resistant to electric shocks. (rElec)
You are resistant to unholy torment.
You are immune to petrification.


   Skills:
 - Level 3.2 Fighting
 + Level 3.9 Axes
 - Level 3.2 Armour
 - Level 3.2 Shields


You had 3 spell levels left.
You didn't know any spells.
Your spell library was empty.

Inventory:

Hand Weapons
 j - a +0 flail
 Y - a +0 war axe (weapon)
Armour
 c - a +0 buckler (worn)
 i - a +0 plate armour (worn)
Scrolls
 a - 2 scrolls of identify
Potions
 b - a potion of haste
 d - a potion of might
 h - a potion of curing

Dungeon Overview and Level Annotations

Branches:
Dungeon (4/15)
 Temple: D:4-7

Altars:
Elyvilon

Annotations:
D:4 Grinder


Message History

Grinder is severely wounded.
Grinder hits you but does no damage.
You hit Grinder.
Grinder is almost dead.
Grinder hits you but does no damage.
You hit Grinder.
Grinder is almost dead.
You block Grinder's attack.
Grinder says, "Wait up."
Grinder hits you but does no damage.
You barely miss Grinder.
Grinder is almost dead.
Grinder hits you but does no damage.
You closely miss Grinder.
Grinder is almost dead.
Grinder blinks!
You barely miss Grinder.
Grinder is almost dead.
Grinder hits you but does no damage. x2
You barely miss Grinder.
Grinder is almost dead.
Grinder hits you but does no damage.
You barely miss Grinder.
Grinder is almost dead.
Grinder gestures at you.
You are unaffected.
You barely miss Grinder.
Grinder is almost dead.
Grinder hits you but does no damage. Grinder hits you.
You writhe in agony.
You closely miss Grinder.
Grinder is almost dead.
Grinder gestures at you.
You suddenly lose the ability to move!
Grinder gestures at you.
You shrug off the repeated paralysis!
You can move again.
You hit Grinder.
Grinder is almost dead.
Grinder hits you.
You die...

..##
#..##########.#
#............#
#..........#
#...<#######
#...## #...##
##....###
#.5@....#
..$...>.####....
#####...# ###
###.. #.. #..#
..## ..#


You could see Grinder.

Vanquished Creatures
  2 adders (D:2)
  A worm (D:2)
  A dart slug (D:3)
  An orc (D:3)
  8 ball pythons
  3 giant cockroaches
  3 goblins
  3 hobgoblins
  3 jackals (D:1)
  3 quokkas
  3 bats (D:2)
  2 frilled lizards (D:1)
  6 kobolds
  6 rats
45 creatures vanquished.

Notes
Turn   | Place    | Note
-------+----------+-------------------------------------------
     0 | D:1      | qw the Gargoyle Fighter began the quest for the Orb.
     0 | D:1      | Reached XP level 1. HP: 14/14 MP: 1/1
     0 | D:1      | 0 ||| qw: Version: 0.3-a-40-ge99b1a8
     0 | D:1      | 0 ||| qw: Game counter: 7981
     0 | D:1      | 0 ||| qw: Melee chars always use a shield: true
     0 | D:1      | 0 ||| qw: God list: Okawaru
     0 | D:1      | 0 ||| qw: Allow faded altars: false
     0 | D:1      | 0 ||| qw: Do Orc after clearing Dungeon:15 true
     0 | D:1      | 0 ||| qw: Do second Lair branch before Depths: true
     0 | D:1      | 0 ||| qw: Lair rune preference: random
     0 | D:1      | 0 ||| qw: Goals: Normal, Zot:1-4, Slime:5, God:TSO, Crypt,
                  | Tomb, Abyss, Pan, Hells, Win
     0 | D:1      | 0 ||| PLANNING D:1-11
   198 | D:1      | Reached XP level 2. HP: 19/19 MP: 2/2
   262 | D:1      | Found a faded altar of an unknown god.
   431 | D:1      | 431 ||| DROPPING +0 club.
   631 | D:1      | 631 ||| READING 5 scrolls labelled RUCWEL SUSAYT.
   676 | D:2      | 676 ||| STAIRDANCE
   725 | D:2      | Reached skill level 3 in Axes
   725 | D:2      | Reached XP level 3. HP: 23/23 MP: 3/3
  1194 | D:2      | Found a white marble altar of Elyvilon.
  1210 | D:2      | 1210 ||| Stepping ~*~*~tactically~*~*~ (stealth).
  1627 | D:2      | 1627 ||| UPGRADING to +0 plate armour.
  1637 | D:2      | 1637 ||| DROPPING +0 scale mail.
  1638 | D:2      | 1638 ||| READING scroll labelled GUEZUF WAAHAH.
  1639 | D:2      | 1639 ||| READING 3 scrolls labelled XYTAECA PELEI.
  1640 | D:2      | 1640 ||| READING 5 scrolls of identify.
  1640 | D:2      | 1640 ||| IDENTIFYING metallic blue potion
  1641 | D:2      | 1641 ||| DROPPING 2 scrolls of noise.
  1757 | D:3      | Reached XP level 4. HP: 28/28 MP: 4/4
  1865 | D:3      | 1865 ||| DROPPING +0 mace.
  2310 | D:3      | 2310 ||| READING scroll labelled QORUIM ONUG.
  2314 | D:3      | 2314 ||| READING scroll labelled EQAFIU HACAIN.
  2315 | D:3      | 2315 ||| READING scroll labelled XUYRGH FIYTH.
  2316 | D:3      | 2316 ||| DRINKING 2 fuming inky potions.
  2317 | D:3      | 2317 ||| READING 4 scrolls of identify.
  2317 | D:3      | 2317 ||| IDENTIFYING yellow potion
  2318 | D:3      | 2318 ||| READING 3 scrolls of identify.
  2318 | D:3      | 2318 ||| IDENTIFYING bubbling orange potion
  2319 | D:3      | 2319 ||| DROPPING potion of berserk rage.
  2320 | D:3      | 2320 ||| DROPPING potion of brilliance.
  2359 | D:4      | Noticed Grinder
  2360 | D:4      | 2360 ||| Stepping ~*~*~tactically~*~*~ (hiding).
  2361 | D:4      | 2361 ||| Stepping ~*~*~tactically~*~*~ (hiding).
  2376 | D:4      | 2376 ||| Stepping ~*~*~tactically~*~*~ (hiding).
  2378 | D:4      | Paralysed by Grinder for 4 turns
  2386 | D:4      | HP: 6/28 [Grinder (6)]
  2396 | D:4      | HP: 5/28 [Grinder (3)]
  2396 | D:4      | HP: 2/28 [Grinder (3)]
  2397 | D:4      | Paralysed by Grinder for 2 turns
  2399 | D:4      | Slain by Grinder

Levels and vault maps discovered:
D:1:      wander_arrival_abandoned_jail, layout_loops_ring,
          basic_ecumenical_altar
D:2:      layout_basic, basic_altar
D:3:      layout_loops_cross
D:4:      layout_layer_cave, fedhas_altar_3, kennysheep_vampire_church,
          minivault_4, uniq_natasha, uniq_grinder

Skill      XL: |  1  2 |
---------------+-------+-----
Axes           | 2 3 |  3.9
Fighting       | |  3.2
Armour         | |  3.2
Shields        | |  3.2

Action                     |  1- 3 |  4- 6 || total
---------------------------+-------+-------++-------
  Melee: War axe           |   126 |    40 ||   166
    Use: Scroll            |     4 |     5 ||     9
         Potion            |       |     1 ||     1
 Armour: Scale mail        |    68 |       ||    68
         Plate armour      |     2 |    26 ||    28
  Dodge: Dodged            |    46 |     4 ||    50
  Block: Buckler           |    19 |     4 ||    23

Table legend:
 A = Non-vault XP
 B = Vault XP
 C = Vault XP percentage of total XP
 D = Non-vault monster count
 E = Vault monster count
 F = Vault count percentage of total count
                 A         B        C        D         E       F
            +---------+---------+-------+---------+---------+-------
      Total |      97 |       0 |   0.0 |      45 |       0 |   0.0
            +---------+---------+-------+---------+---------+-------
        D:1 |      28 |       0 |   0.0 |      18 |       0 |   0.0
        D:2 |      48 |       0 |   0.0 |      17 |       0 |   0.0
        D:3 |      21 |       0 |   0.0 |      10 |       0 |   0.0
            +---------+---------+-------+---------+---------+-------
